 Dungeon Crawl Stone Soup version 0.22.1-2-g9c5b331 (webtiles) character file.

39 MalarOregon the Poker (level 3, -10/28 HPs)
             Began as a Merfolk Skald on Nov 21, 2018.
             Killed by divine providence
             ... invoked by an orc priest
              (13 damage)
             ... on level 2 of the Dungeon.
             The game lasted 00:02:39 (916 turns).

MalarOregon the Poker (Merfolk Skald)                Turns: 916, Time: 00:02:40

Health: -10/28     AC:  3    Str: 11    XL:     3   Next: 47%
Magic:  2/6        EV: 13    Int: 13    God:
Gold:   56         SH:  0    Dex: 13    Spells: 1/6 levels left

rFire    . . .     SeeInvis .   a - +0 spear
rCold    . . .     Gourm    .   (no shield)
rNeg     . . .     Faith    .   b - +0 leather armour
rPois    .         Spirit   .   (no helmet)
rElec    .         Reflect  .   (no cloak)
rCorr    .         Harm     .   (no gloves)
MR       .....                  (no boots)
Stlth    +.........             (no amulet)
HPRegen  0.09/turn              (no ring)
MPRegen  0.10/turn              (no ring)

@: lethally poisoned (-10 -> -15), berserk cooldown, very slightly contaminated,
hasted and slowed
A: change form in water, swift swim, stealthy swim
a: no special abilities


You were on level 2 of the Dungeon.
You were hungry.

You visited 1 branch of the dungeon, and saw 2 of its levels.

You collected 56 gold pieces.

Inventory:

Hand Weapons
 a - a +0 spear (weapon)
Armour
 b - a +0 leather armour (worn)
Scrolls
 f - a scroll of remove curse {@r2}
 g - a scroll of enchant weapon
Comestibles
 e - 5 rations {!d}
 i - 3 chunks of flesh


   Skills:
 + Level 2.5 Fighting
 * Level 3.9 Polearms
 + Level 0.9 Armour
 + Level 3.2 Dodging
 + Level 2.1 Spellcasting
 + Level 3.5 Charms


You had one spell level left.
You knew the following spells:

 Your Spells              Type           Power        Failure   Level  Hunger
a - Infusion              Chrm           ##..         8%          1    ##.....
q - Shroud of Golubria    Chrm/Tloc      #.........   24%         2    ###....
w - Song of Slaying       Chrm           ##......     12%         2    ###....

Your spell library contained the following spells:

 Spells                   Type           Power        Failure   Level  Hunger
 Regeneration             Chrm/Necr      #.........   43%         3    ####...
 Spectral Weapon          Hex/Chrm       #.......     43%         3    ####...


Dungeon Overview and Level Annotations

Branches:
Dungeon (2/15)

Altars:


Message History

The adder poisons you!
You hit the adder.
You kill the adder!
* * * LOW HITPOINT WARNING * * *
You feel sick.
Unknown command.
Okay, then.
It was a potion of berserk rage.
A red film seems to cover your vision as you go berserk!
You feel yourself moving faster!
You feel mighty!
You feel sick.
You feel a strong urge to attack something.
You feel sick.
You feel sick.
Unknown command.
You feel your anger nearly subside.
You are no longer berserk.
You pass out from exhaustion.
You feel yourself slow down.
* * * LOW HITPOINT WARNING * * *
You feel sick.
* * * LOW HITPOINT WARNING * * *
You feel sick.
You can move again.
Unknown command.
There is a lethal amount of poison in your body!
It was a potion of haste.
You feel yourself speed up.
* * * LOW HITPOINT WARNING * * *
You feel sick.
Found a scroll labeled OJUFFOKHULI.
An orc priest comes into view. It is wielding a dagger.
* * * LOW HITPOINT WARNING * * *
You feel sick.
The orc priest shouts!
Things that are here:
a scroll labeled BUGINU TAHUVO; a ring mail
As you read the scroll labeled BUGINU TAHUVO, it crumbles to dust.
It is a scroll of identify.
g - a scroll of enchant weapon
* * * LOW HITPOINT WARNING * * *
You feel sick.
An orc wizard comes into view. It is wielding a dagger.
The orc wizard moves out of view.
As you read the scroll labeled EXEMOZUKLU, it crumbles to dust.
You feel blessed for a moment.
It was a scroll of remove curse.
An orc warrior comes into view. It is wielding a short sword.
* * * LOW HITPOINT WARNING * * *
You feel sick.
The orc warrior shouts!
The orc priest invokes the aid of Beogh against you.
Beogh smites you!
You die...

#.# #.# #.# #.#
.# #
##$#####.##.
###+#......#....
o#?...........#
.o...o.@>.....#
.#......?.)†..#
#............#
#............#
..............#
..............#
...####+####÷###
... #.# #.#
..###.# #.#


You could see an orc warrior, an orc priest and an orc wizard (wandering).

Vanquished Creatures
  An adder (D:2)
  A worm (D:2)
  A dart slug (D:1)
  A goblin (D:2)
  3 hobgoblins (D:1)
  6 jackals
  2 kobolds
  A bat (D:1)
  3 frilled lizards
  6 rats
25 creatures vanquished.

Notes
Turn   | Place    | Note
-------+----------+-------------------------------------------
     0 | D:1      | MalarOregon the Merfolk Skald began the quest for the Orb.
     0 | D:1      | Reached XP level 1. HP: 16/16 MP: 3/3
    80 | D:1      | You fall through a shaft!
    90 | D:2      | Reached XP level 2. HP: 19/22 MP: 0/5
   184 | D:1      | Learned a level 2 spell: Song of Slaying
   826 | D:2      | Learned a level 2 spell: Shroud of Golubria
   863 | D:2      | Reached XP level 3. HP: 25/28 MP: 6/6
   916 | D:2      | Noticed an orc warrior
   916 | D:2      | Killed from afar by an orc priest

Skill      XL: |  1  2 |
---------------+-------+-----
Dodging        | 3 |  3.2
Fighting       | |  2.5
Polearms       | |  3.9
Armour         | |  0.9
Spellcasting   | |  2.1
Charms         | |  3.5

Action                   || total
-------------------------++-------
Melee: Spear             ||   115
 Cast: Infusion          ||     2
       Song of Slaying   ||     1
       Shroud of Golubri ||     2
  Use: Scroll            ||     2
       Potion            ||     2
Armor: Leather armour    ||    19
Dodge: Dodged            ||    61
